 Dungeon Crawl Stone Soup version 0.30-a0-743-gbfdf073431 (webtiles) character file.

Game seed: 7941288750903389888

2233 mopl the Basher (level 9, -5/75 (78) HPs)
             Began as a Meteoran Berserker on Feb 6, 2023.
             Was a Priest of Trog.
             Shot with a bolt by an orc warrior (8 damage)
             ... on level 6 of the Dungeon.
             The game lasted 00:15:35 (3219 turns).

mopl the Basher (Meteoran Berserker)                Turns: 3219, Time: 00:15:36

HP:   -5/75 (78)    AC: 13    Str: 22    XL:     9   Next: 94%
MP:   10/10         EV: 12    Int:  8    God:    Trog [***...]
Gold: 339           SH:  5    Dex: 22    Spells: 8/8 levels left

rFire   . . .      SeeInvis .    a - +9 quarterstaff of Destiny {speed, +Blink}
rCold   . . .      Faith    .    (shield currently unavailable)
rNeg    . . .      Spirit   .    I - +0 chain mail
rPois   +          Reflect  +    n - +0 helmet
rElec   .          Harm     .    D - +0 cloak {rPois}
rCorr   .          Rampage  .    (no gloves)
Will    +....                    (no boots) Stlth
                                 d - amulet of reflection
HPRegen 0.32/turn                g - ring of flight
MPRegen 0.12/turn                G - +6 ring of dexterity

@: on berserk cooldown, on blink cooldown, flying, slowed, glowing, lightly
drained, very slow
A: sense surroundings 2, otherworldly, glowing, explore regen
a: Renounce Religion, Evoke Blink, Berserk, Trog's Hand


You were on level 6 of the Dungeon.
You worshipped Trog.
Trog was most pleased with you.
You visited 1 branch of the dungeon, and saw 6 of its levels.
You also visited: Sewer.

You collected 339 gold pieces.

Inventory:

Hand Weapons
 a - the +9 quarterstaff of Destiny (weapon) {speed, +Blink}
   (You found it in a sewer)

   +Blink:    It lets you blink.
 b - a +8 flail of holy wrath
Missiles
 o - a curare-tipped dart (quivered)
Armour
 n - a +0 helmet (worn)
 D - a +0 cloak of poison resistance (worn)
 I - a +0 chain mail (worn)
Jewellery
 d - an amulet of reflection (around neck)
 g - a ring of flight (left hand)
 G - a +6 ring of dexterity (right hand)
Wands
 C - a wand of flame (15)
Scrolls
 j - 2 scrolls of immolation {unknown}
 k - 2 scrolls of blinking {unknown}
 l - 2 scrolls of amnesia {unknown}
 m - 4 scrolls of identify {unknown}
 p - 2 scrolls of enchant weapon {unknown}
 t - 2 scrolls of magic mapping {unknown}
 u - a scroll of fog {unknown}
 w - 2 scrolls of noise {unknown}
 y - a scroll of enchant armour {unknown}
 B - a scroll of teleportation {unknown}
 F - a scroll of acquirement {unknown}
 H - a scroll of poison {unknown}
Potions
 c - 3 potions of might {unknown}
 e - 2 potions of attraction {unknown}
 f - 2 potions of brilliance {unknown}
 h - 7 potions of curing
 i - 2 potions of resistance {unknown}
 q - a potion of magic {unknown}
 r - a potion of berserk rage {unknown}
 x - a potion of mutation {unknown}
 z - a potion of flight {unknown}
 A - 2 potions of haste
 E - a potion of heal wounds {unknown}


   Skills:
 + Level 6.5 Fighting
 * Level 10.4 Maces & Flails
 + Level 6.6 Armour
 + Level 6.5 Dodging
 + Level 4.2 Evocations


You had 8 spell levels left.
You didn't know any spells.
Your spell library was empty.

Dungeon Overview and Level Annotations

Branches:
Dungeon (6/15) Zot: 619     Sewer (visited)
 Temple: D:4-7

Altars:
Cheibriados
Gozag
Nemelex Xobeh
Uskayaw
The Shining One

Annotations:
D:6 3 runed translucent doors, zurenarrh's ghost, novice MiFi


Innate Abilities, Weirdness & Mutations

You passively map the area around you.
You are easily found by Zot.
You glow in the dark.
You regain HP and MP as you explore.


Message History

The wight is charmed.
The wight closely misses your wight.
The orc warrior unwields a +0 short sword.
The orc warrior wields a +0 arbalest.
The orc warrior shoots a bolt.
The bolt closely misses your wight. The bolt hits you!
* * * LOW HITPOINT WARNING * * *
What are your orders? t - Shout!
Orders for allies: a - Attack new target. p - Attack previous target. r - Retreat! s - Stop attacking. g - Guard the area. f - Follow me.
Anything else - Cancel.
Gang up on whom?
Press: ? - help, Dir - move target, f - wight, p - wight
Aim: a wight, wielding a +4 great sword and wearing a +0 robe Attack!
Your wight closely misses the wight.
The wight misses your wight.
The orc warrior shoots a bolt.
The bolt barely misses your wight.
You reflect the bolt off an invisible shield around you!
The bolt hits your wight!!
You destroy your wight!
Trog accepts your kill. The wight attacks as you move away!
You block the wight's attack.
Aiming: Charm
Press: ? - help, Shift-Dir - straight line, f/p - wight
Aim: a wight, wielding a +4 great sword and wearing a +0 robe (chance to affect: 60%)
The wight resists with significant effort.
The wight hits you with a +4 great sword.
* * * LOW HITPOINT WARNING * * *
You feel drained. The wight barely misses you.
Aiming: Charm
Press: ? - help, Shift-Dir - straight line, f/p - wight
Aim: a wight, wielding a +4 great sword and wearing a +0 robe (chance to affect: 60%)
The wight resists with significant effort.
The now-empty wand crumbles to dust.
The wight hits you with a +4 great sword!
* * * LOW HITPOINT WARNING * * *
You feel drained.
* * * LOW HITPOINT WARNING * * *
You blink.
The orc warrior shoots a bolt.
The bolt hits you!
You die...

##...............##......#
#..................).....#
##
#...>..........§.lz#####.#
##. ............##.zo.##
#.## ###..
...........###...o#
#..#...... ...........#
##...## #..#.##+++
..........## #....##
##.###.KKK ...##.....#
#....[## ..#.#KKK
..####....#
##@.#..####..#⌠.#.# ..#
#.#..###
##.......†..#.#... .##
#......#
#....#.....###.... ..##
#......# ##..#......# ## $
....##.....## ##..)##...#
* # ##.#..##..##
**#...<###### # ###....##
#..#...# # #......#
#..#...# * #.#....#
#..##.## * #


You could see an orc warrior, an iguana, 2 wights and an orc.

Vanquished Creatures
  An unseen horror (D:6)
  Sigmund (D:4)
  Edmund (D:6)
  An ice beast (D:6)
  An ogre (D:5)
  2 phantoms (D:6)
  A kobold brigand (D:6)
  2 bullfrogs (Sewer)
  A gnoll sergeant (D:5)
  2 necrophages (D:6)
  6 wights
  A howler monkey (D:6)
  3 hounds
  A jelly (D:5)
  Crazy Yiuf (D:5)
  An iguana (D:6)
  Ijyb (D:4)
  Natasha (thrice) (D:3)
  8 gnolls
  8 adders
  8 river rats (Sewer)
  A white imp (D:6)
  An ufetubus (D:6)
  2 worms
  2 dart slugs
  9 orcs
  6 endoplasms
  8 giant cockroaches
  6 goblins
  8 hobgoblins
  3 jackals (D:5)
  2 quokkas
  13 ball pythons
  4 bats
  9 frilled lizards
  7 kobolds
  26 rats
161 creatures vanquished.

Vanquished Creatures (others)
  An ice beast (D:6)
  A wight (D:6)
2 creatures vanquished.

Grand Total: 163 creatures vanquished

Notes
Turn   | Place    | Note
-------+----------+-------------------------------------------
     0 | D:1      | mopl the Meteoran Berserker began the quest for the Orb.
     0 | D:1      | Reached XP level 1. HP: 19/19 MP: 2/2
   111 | D:1      | Reached XP level 2. HP: 16/26 MP: 3/3
   280 | D:1      | Found a faded altar of an unknown god.
   311 | D:1      | Reached XP level 3. HP: 14/31 MP: 4/4
   349 | D:1      | Reached ** piety under Trog
   380 | D:1      | You are sucked into a shaft and drop 1 floor!
   687 | D:2      | Reached skill level 3 in Armour
   687 | D:2      | Reached skill level 3 in Dodging
   688 | D:2      | Reached XP level 4. HP: 30/40 MP: 5/5
   960 | D:3      | Noticed Natasha
   970 | D:3      | Killed Natasha
   971 | D:3      | Reached skill level 5 in Maces & Flails
  1130 | D:3      | Noticed Natasha
  1135 | D:3      | Killed Natasha
  1136 | D:3      | Reached XP level 5. HP: 36/46 MP: 6/6
  1171 | D:3      | Noticed Natasha
  1181 | D:3      | Killed Natasha
  1182 | D:3      | Reached skill level 4 in Fighting
  1228 | D:3      | Found an opulent altar of Gozag.
  1417 | D:4      | Reached XP level 6. HP: 45/52 MP: 7/7
  1484 | D:4      | Noticed Sigmund
  1495 | D:4      | Killed Sigmund
  1496 | D:4      | Reached skill level 6 in Maces & Flails
  1496 | D:4      | Reached skill level 4 in Armour
  1496 | D:4      | Reached skill level 4 in Dodging
  1496 | D:4      | Reached XP level 7. HP: 60/60 MP: 8/8
  1522 | D:4      | Noticed Ijyb
  1552 | D:4      | Killed Ijyb
  1611 | D:4      | Found a glowing drain.
  1647 | Sewer    | Entered a sewer
  1706 | Sewer    | Reached skill level 7 in Maces & Flails
  1711 | Sewer    | Reached *** piety under Trog
  1816 | Sewer    | Identified the +9 quarterstaff of Destiny {speed, +Blink}
  1893 | Sewer    | Reached skill level 5 in Fighting
  1893 | Sewer    | Reached XP level 8. HP: 68/68 MP: 9/9
  2093 | D:4      | Found a snail-covered altar of Cheibriados.
  2152 | D:5      | Entered Level 5 of the Dungeon
  2246 | D:5      | Found a runed translucent door.
  2247 | D:5      | Noticed Crazy Yiuf
  2252 | D:5      | Killed Crazy Yiuf
  2253 | D:5      | Reached skill level 5 in Armour
  2319 | D:5      | Reached skill level 8 in Maces & Flails
  2319 | D:5      | Reached skill level 5 in Dodging
  2319 | D:5      | Reached skill level 1 in Evocations
  2325 | D:5      | Reached **** piety under Trog
  2417 | D:5      | Found a glowing golden altar of the Shining One.
  2469 | D:5      | Found a sparkling altar of Nemelex Xobeh.
  2676 | D:6      | Reached skill level 2 in Evocations
  2683 | D:6      | Gained mutation: You passively map the area around you.
                  | [Meteoran growth]
  2683 | D:6      | Reached XP level 9. HP: 65/75 MP: 10/10
  2688 | D:6      | Reached skill level 9 in Maces & Flails
  2817 | D:6      | Noticed Edmund
  2825 | D:6      | Killed Edmund
  2826 | D:6      | Reached skill level 3 in Evocations
  2886 | D:6      | Reached skill level 6 in Fighting
  2886 | D:6      | Reached skill level 6 in Armour
  2911 | D:6      | Reached skill level 6 in Dodging
  2990 | D:6      | Found a hide-covered altar of Uskayaw.
  3145 | D:6      | Found a runed translucent gate.
  3145 | D:6      | Found a runed translucent gate.
  3147 | D:6      | Found a runed translucent gate.
  3147 | D:6      | Noticed zurenarrh's ghost (novice MiFi)
  3182 | D:6      | Reached skill level 10 in Maces & Flails
  3185 | D:6      | Killed an unseen horror
  3186 | D:6      | Reached skill level 4 in Evocations
  3218 | D:6      | HP: 2/75 [wight/+4 great sword (4)]
  3219 | D:6      | Shot with a bolt by an orc warrior

Illustrated notes

Levels and vault maps discovered:
D:1:      sevenhm_arrival_forest_fort_large_3, layout_basic,
          hellmonk_ecumenical_altar_crossroads, minmay_unequal
D:2:      layout_loops_ring, minmay_strange_pillars, nicolae_underground_beach
D:3:      layout_loops_cross, nicolae_gozag_cash_rules_everything_around_me,
          uniq_natasha
D:4:      layout_loops_corners, mainiacjoe_overflow_brackets,
          portal_sewer_entry_c, grunt_decor_cap, uniq_ijyb, uniq_sigmund
D:5:      layout_loops_ring, mainiacjoe_overflow_24_doors,
          mainiacjoe_overflow_alcove_1, uniq_crazy_yiuf_cottage
D:6:      layout_layer_cave, nicolae_uskayaw_dance_studio,
          gammafunk_ghost_nasty_kobolds, minmay_manual_mail, uniq_edmund

Skill      XL: |  1  2  3  4  5  6  7  8  9 |
---------------+----------------------------+-----
Armour         | 3 4 5 6 |  6.6
Dodging        | 3 4 5 6 |  6.5
Maces & Flails | 5 6 7 8 10 | 10.4
Fighting       | 4 5 6 |  6.5
Evocations     | 2 4 |  4.2

Action                     |  1- 3 |  4- 6 |  7- 9 || total
---------------------------+-------+-------+-------++-------
  Melee: Mace              |    96 |    84 |   139 ||   319
         Quarterstaff      |       |       |   165 ||   165
         Punch             |       |       |     3 ||     3
 Invoke: Berserk           |       |     1 |     5 ||     6
         Trog's Hand       |       |       |     1 ||     1
Ability: Evoke Blink       |       |       |     1 ||     1
  Evoke: Wand              |       |       |     5 ||     5
 Armour: Animal skin       |    20 |     3 |       ||    23
         Ring mail         |       |    15 |    91 ||   106
         Chain mail        |       |       |    33 ||    33
  Dodge: Dodged            |    47 |    35 |   159 ||   241
  Block: Other             |    20 |    16 |    81 ||   117
         Reflection        |       |       |     1 ||     1

Table legend: (Time is in decaauts)
 A = Elapsed time spent in this place.
 B = Non-inter-level travel time spent in this place.
 C = Inter-level travel time spent in this place.
 D = Time resting spent in this place.
 E = Time spent auto-exploring this place.
 F = Levels seen in this place.
 G = Mean time per level.
                   A        B        C        D        E       F      G
               +--------+--------+--------+--------+--------+-----+--------+
         Total |   3252 |   3137 |    115 |      0 |      0 |   7 |  464.6 |
       Dungeon |   2978 |   2863 |    115 |      0 |      0 |   6 |  496.3 |
         Sewer |    274 |    274 |      0 |      0 |      0 |   1 |  274.0 |
               +--------+--------+--------+--------+--------+-----+--------+

Top non-repeatable levels by time:
     D:5: 611 daAuts
     D:4: 571 daAuts
     D:1: 544 daAuts
     D:6: 445 daAuts
     D:2: 412 daAuts
     D:3: 394 daAuts
   Sewer: 274 daAuts
